 Dungeon Crawl Stone Soup version 0.29-a0-414-g5075937ec3 (webtiles) character file.

Game seed: 11272151066626219509

393 Demosthentine the Chopper (level 6, -13/33 HPs)
             Began as a Vine Stalker Chaos Knight on May 16, 2022.
             Was a Plaything of Xom.
             Mangled by Menkaure (17 damage)
             ... on level 4 of the Dungeon.
             The game lasted 00:02:19 (2375 turns).

Demosthentine the Chopper (VSCK)                    Turns: 2375, Time: 00:02:20

Health: -13/33     AC:  5    Str: 15    XL:     6   Next: 81%
Magic:  0/7        EV: 12    Int: 12    God:    Xom [.*....]
Gold:   156        SH:  0    Dex: 15    Spells: 5/5 levels left

rFire   . . .      SeeInvis .   a - +0 hand axe (chaos)
rCold   . . .      Faith    .   (no shield)
rNeg    . . .      Spirit   +   b - +2 leather armour
rPois   .          Reflect  .   (no helmet)
rElec   .          Harm     .   (no cloak)
rCorr   .          Rampage  .   (no gloves)
Will    .....                   (no boots)
Stlth   +.........              (no amulet)
HPRegen 0.91/turn               (no ring)
MPRegen 0.10/turn               (no ring)

@: no status effects
A: fangs 2, regeneration 1, magic shield, antimagic bite, no potion heal 2
a: Renounce Religion


You were on level 4 of the Dungeon.
You worshipped Xom.
You were a plaything of Xom.
You visited 1 branch of the dungeon, and saw 4 of its levels.

You collected 156 gold pieces.

Inventory:

Hand Weapons
 a - a +0 hand axe of chaos (weapon)
Armour
 b - a +2 leather armour (worn)
Wands
 k - a wand of flame (14)
Scrolls
 e - a scroll of amnesia
 f - a scroll of magic mapping
 g - a scroll of summoning
 h - 3 scrolls of identify
Potions
 d - 2 potions of flight
 i - a potion of lignification
Miscellaneous
 c - a piece from Xom's chessboard (12/15) (quivered)


   Skills:
 + Level 4.0 Fighting
 + Level 4.0 Axes
 + Level 3.2 Armour
 + Level 2.7 Dodging


You had 5 spell levels left.
You didn't know any spells.
Your spell library was empty.

Dungeon Overview and Level Annotations

Branches:
Dungeon (4/15)
 Temple: D:4-7

Altars:
Ru
The Shining One

Shops:
D:3 =

Annotations:
D:4 Menkaure


Innate Abilities, Weirdness & Mutations

You have extremely sharp teeth.
Your natural rate of healing is unusually fast.
When hurt, damage is shared between your health and your magic reserves.
Your bite disrupts and absorbs the magic of your enemies.
Potions cannot restore your health.


Message History

Unknown command.
HP restored.
Magic restored.
Menkaure, Prince of Dust comes into view.
Menkaure shouts!
Menkaure is nearby!
Menkaure is nearby!
Menkaure is nearby!
Menkaure calls on the powers of darkness!
Your body is wracked with pain!
Menkaure calls on the powers of darkness!
Your body is wracked with pain!
You are too injured to fight recklessly!
You are too injured to fight recklessly!
You are too injured to fight recklessly!
You are too injured to fight recklessly!
Unknown command.
You make a move on Xom's chessboard...
Menkaure resists with significant effort.
You make a move on Xom's chessboard...
Menkaure resists with significant effort.
Menkaure mumbles some strange words.
Menkaure seems to speed up.
You make a move on Xom's chessboard...
Menkaure is unaffected.
Unknown command.
You are too injured to fight recklessly!
You are too injured to fight recklessly!
You are too injured to fight recklessly!
You are too injured to fight recklessly!
You are too injured to fight recklessly!
You are too injured to fight recklessly!
You hit Menkaure but do no damage. You bite Menkaure.
Menkaure's magic leaks into the air.
You drain his magic.
You feel invigorated.
Menkaure is lightly damaged.
Menkaure hits you!!
* * * LOW HITPOINT WARNING * * *
Menkaure hits you!!
Ouch! That really hurt!
You die...
Xom snickers!

#.# #.#
####.#.#######.#######
...........†...........
......#.#######.#######
#####...........#
#...........#######
#..................
###................
#.#####..@####### #.
#..M# #...# #...# #...#
....# ...### ....


You could see Menkaure (fast, magic disrupted).

Vanquished Creatures
  Sigmund (D:3)
  Terence (D:3)
  Jessica (D:2)
  Natasha (thrice) (D:3)
  An iguana (D:4)
  Robin (D:3)
  2 adders
  An orc (D:3)
  6 bats
  8 endoplasms
  5 giant cockroaches
  8 goblins
  10 hobgoblins
  A quokka (D:1)
  A ball python (D:1)
  4 frilled lizards
  8 kobolds
  3 rats
65 creatures vanquished.

Notes
Turn   | Place    | Note
-------+----------+-------------------------------------------
     0 | D:1      | Demosthentine the Vine Stalker Chaos Knight began the quest
                  | for the Orb.
     0 | D:1      | Reached XP level 1. HP: 11/11 MP: 2/2
   114 | D:1      | Reached skill level 1 in Dodging
   115 | D:1      | Reached XP level 2. HP: 16/16 MP: 3/3
   518 | D:1      | Found a faded altar of an unknown god.
   588 | D:1      | XOM: noise
   710 | D:1      | Reached XP level 3. HP: 18/19 MP: 4/4
   910 | D:2      | Noticed Jessica
   915 | D:2      | Killed Jessica
   973 | D:2      | Gained mutation: Your natural rate of healing is unusually
                  | fast. [Vine Stalker growth]
   973 | D:2      | Reached XP level 4. HP: 20/24 MP: 5/5
  1112 | D:2      | XOM: cloud trail
  1425 | D:3      | Noticed Natasha
  1432 | D:3      | Killed Natasha
  1501 | D:3      | Found Buics's Jewellery Emporium.
  1503 | D:3      | Noticed Robin
  1505 | D:3      | Reached XP level 5. HP: 27/28 MP: 4/6
  1507 | D:3      | Noticed Natasha
  1514 | D:3      | Killed Natasha
  1515 | D:3      | Killed Robin
  1642 | D:3      | Noticed Terence
  1660 | D:3      | Killed Terence
  1694 | D:3      | Noticed Sigmund
  1703 | D:3      | Killed Sigmund
  1704 | D:3      | Reached XP level 6. HP: 32/33 MP: 5/7
  1722 | D:3      | Noticed Natasha
  1727 | D:3      | Killed Natasha
  2052 | D:3      | Found a sacrificial altar of Ru.
  2052 | D:3      | Found a glowing golden altar of the Shining One.
  2368 | D:4      | Noticed Menkaure
  2375 | D:4      | Mangled by Menkaure

Illustrated notes

Levels and vault maps discovered:
D:1:      grunt_arrival_lava_bath, layout_basic,
          ebering_ecumenical_altar_abandoned, chequers_decorated_corner
D:2:      layout_rooms, uniq_jessica
D:3:      layout_basic, mainiacjoe_overflow_divided_tiny, serial_shops, shop,
          serial_rivers, chequers_serial_rivers_small_3,
          chequers_serial_rivers_large_b, chequers_serial_rivers_small_b,
          chequers_serial_rivers_marsh, chequers_serial_rivers_small_a,
          hangedman_decor_riveting, uniq_sigmund, uniq_terence, uniq_natasha,
          uniq_robin
D:4:      layout_basic, minmay_temple_entry_trees, uniq_menkaure,
          uniq_blork_the_orc, uniq_ijyb

Skill      XL: |  1  2  3  4  5  6 |
---------------+-------------------+-----
Dodging        | 1 2 |  2.7
Armour         | 2 3 |  3.2
Axes           | 3 4 |  4.0
Fighting       | 3 4 |  4.0

Action                   |  1- 3 |  4- 6 || total
-------------------------+-------+-------++-------
Melee: Hand axe          |    65 |    97 ||   162
       Bite              |    16 |    30 ||    46
       Punch             |     1 |     1 ||     2
Evoke: Piece from Xom's  |       |     4 ||     4
  Use: Scroll            |     3 |     5 ||     8
 Stab: Confused          |     1 |     1 ||     2
       Sleeping          |     1 |     1 ||     2
Armor: Leather armour    |    21 |    29 ||    50
Dodge: Dodged            |    42 |    56 ||    98

Table legend: (Time is in decaauts)
 A = Elapsed time spent in this place.
 B = Non-inter-level travel time spent in this place.
 C = Inter-level travel time spent in this place.
 D = Time resting spent in this place.
 E = Time spent auto-exploring this place.
 F = Levels seen in this place.
 G = Mean time per level.
                   A        B        C        D        E       F      G
               +--------+--------+--------+--------+--------+-----+--------+
         Total |   2427 |   2345 |     82 |    100 |   1817 |   4 |  606.8 |
       Dungeon |   2427 |   2345 |     82 |    100 |   1817 |   4 |  606.8 |
               +--------+--------+--------+--------+--------+-----+--------+

Top non-repeatable levels by time:
     D:1: 909 daAuts
     D:3: 908 daAuts
     D:2: 510 daAuts
     D:4: 98 daAuts
